 Dungeon Crawl Stone Soup version 0.25.1-8-g42b30a86e7 (webtiles) character file.

Game seed: 1813937036952653812

46944 MajorAdolf the Unseen (level 14, -3/114 HPs)
             Began as a Naga Wanderer on Dec 19, 2020.
             Was an Initiate of Gozag.
             Slain by a three-headed hydra (8 damage)
             ... on level 3 of the Lair of Beasts.
             The game lasted 00:50:22 (31751 turns).

MajorAdolf the Unseen (Naga Wanderer)              Turns: 31751, Time: 00:50:23

Health: -3/114     AC: 10    Str: 18    XL:     14   Next: 39%
Magic:  24/24      EV:  9    Int: 13    God:    Gozag
Gold:   3174       SH: 16    Dex: 12    Spells: 13/13 levels left

rFire    + + .     SeeInvis +   Z - +0 hand axe (flame)
rCold    + . .     Gourm    .   J - +0 kite shield
rNeg     . . .     Faith    .   M - +1 leather armour of Eternity {Stlth+}
rPois    +         Spirit   .   x - +1 helmet
rElec    .         Reflect  +   t - scarf {rC+ rF+}
rCorr    .         Harm     .   k - +0 pair of gloves
MR       ++...                  (no barding)
Stlth    +++++++...             A - amulet of reflection
HPRegen  0.29/turn              d - ring of protection from fire
MPRegen  0.19/turn              T - ring of protection from magic

@: drained, very slow
A: large, see invisible, deformed body, poison resistance, slowness 2, slow
metabolism 1, spit poison 1, constrict 1, AC +4
a: Spit Poison, Potion Petition, Call Merchant, Bribe Branch, Renounce Religion


You were on level 3 of the Lair of Beasts.
You worshipped Gozag.
Gozag was most pleased with you.
You were not hungry.

You visited 4 branches of the dungeon, and saw 21 of its levels.
You also visited: Volcano.

You collected 3411 gold pieces.
You paid 237 gold pieces to Gozag.

Inventory:

Hand Weapons
 F - a +4 hand axe of venom
 Z - a +0 hand axe of flaming (weapon)
Armour
 k - a +0 pair of gloves (worn)
 t - a scarf of resistance (worn)
 x - a +1 helmet (worn)
 I - a +3 leather armour of fire resistance
 J - a +0 kite shield (worn)
 M - the +1 leather armour of Eternity (worn) {Stlth+}
   (You found it on level 8 of the Dungeon)

   It makes you more stealthy.
Jewellery
 d - a ring of protection from fire (left hand)
 j - an uncursed ring of protection from fire
 r - an uncursed ring of flight
 A - an amulet of reflection (around neck)
 B - an uncursed ring of ice
 Q - an uncursed ring of protection from cold
 S - an uncursed amulet of guardian spirit
 T - a ring of protection from magic (right hand)
Wands
 b - a wand of paralysis (13)
 u - a wand of random effects (30)
 y - a wand of polymorph (8)
 z - a wand of flame (36)
 L - a wand of iceblast (15)
 V - a wand of acid (3)
Scrolls
 l - 2 scrolls of magic mapping
 m - a scroll of fog
 n - 7 scrolls of remove curse
 o - 3 scrolls of enchant armour
 p - 6 scrolls of teleportation
 q - 7 scrolls of enchant weapon
 C - 6 scrolls of identify
 H - 3 scrolls of silence
 K - 3 scrolls of immolation
 P - 2 scrolls of brand weapon {unknown}
 X - a scroll of vulnerability {unknown}
Potions
 c - 3 potions of heal wounds
 e - 2 potions of stabbing
 g - a potion of lignification {unknown}
 h - a potion of flight {unknown}
 i - 2 potions of haste {unknown}
 s - 6 potions of might
 v - 2 potions of brilliance
 D - a potion of berserk rage {unknown}
 E - 2 potions of magic {unknown}
 G - a potion of experience {unknown}
 N - 4 potions of resistance
 O - 7 potions of curing
 R - 3 potions of cancellation {unknown}
 U - a potion of ambrosia {unknown}
 Y - 2 potions of mutation {unknown}
Miscellaneous
 a - a phial of floods
 w - a lightning rod (4/4)
Comestibles
 f - 22 rations


   Skills:
 - Level 4.0(3.4) Fighting
 + Level 13.8(13.0) Axes
   Level 1.0(0.4) Staves
 - Level 1.5(1.0) Dodging
 + Level 15.9(15.1) Stealth
 - Level 9.0(8.3) Shields
 + Level 13.5(12.7) Evocations


You had 13 spell levels left.
You didn't know any spells.
Your spell library contained the following spells:

 Spells                   Type           Power        Failure   Level  Hunger
 Beastly Appendage        Tmut           #.....       41%         1    ##.....
 Sticks to Snakes         Tmut           #.......     54%         2    ###....
 Confusing Touch          Hex            #.......     78%         3    ####...
 Gell's Gravitas          Tloc           #.........   78%         3    ####...
 Spider Form              Tmut/Pois      #.........   78%         3    ####...
 Ice Form                 Ice/Tmut       #.......     99%         4    #####..
 Petrify                  Tmut/Erth      #.......     99%         4    #####..
 Blade Hands              Tmut           #.........   100%        5    ######.
 Metabolic Englaciation   Hex/Ice        #.........   100%        5    ######.
 Yara's Violent Unravell  Hex/Tmut       #.........   100%        5    ######.


Dungeon Overview and Level Annotations

Branches:
Dungeon (15/15)            Temple (1/1) D:6            Lair (3/6) D:10
    Orc (2/2) D:12         Vaults (0/5) D:14        Volcano (visited)
  Swamp: Lair:2-4    Shoals: Lair:2-4     Snake: Lair:2-4    Spider: Lair:2-4
    Elf: Orc:2       Depths: D:15

Altars:
Ashenzari
Cheibriados
Dithmenos
Elyvilon
Fedhas
Gozag
Hepliaklqana
Kikubaaqudgha
Makhleb
Nemelex Xobeh
Okawaru
Qazlal
Ru
Sif Muna
Trog
Uskayaw
Vehumet
Wu Jian
Xom
Yredelemnul
Zin
The Shining One

Shops:
Orc:2 [

Portals:
Abyss: D:10
Trove: D:11 (give +4 ice dragon scales)

Annotations:
D:5 3 runed translucent doors, Arcadio's ghost, novice DrCj; Frank's ghost, novice OpFi
D:10 2 transporters, exclusion: wraith, snilloc10's ghost, journeyman HaFi
D:12 3 runed translucent doors, TotesWizzard's ghost, journeyman DsBe
D:15 Jorgrun
Lair:2 1 runed translucent door, exclusion: fire elemental, Pechyafi's ghost, journeyman DDEE


Innate Abilities, Weirdness & Mutations

You cannot wear boots.
Your serpentine skin is tough. (AC +4)
You have supernaturally acute eyesight. (SInv)
Armour fits poorly on your strangely shaped body.
Your system is resistant to poisons. (rPois)
You cover ground very slowly.
You have a slow metabolism.
You can spit poison.
You can use your snake-like lower body to constrict enemies.


Message History

You burn the four-headed hydra.
The four-headed hydra is almost dead.
You closely miss the blink frog.
You block the four-headed hydra's attack.
The four-headed hydra bites you but does no damage.
The four-headed hydra completely misses you.
The four-headed hydra bites you!
* * * LOW HITPOINT WARNING * * *
You block the blink frog's attack.
You lop one of the four-headed hydra's heads off!
The flame cauterises the wound!
You hit the three-headed hydra. You burn the three-headed hydra.
The three-headed hydra is almost dead.
You closely miss the blink frog. The three-headed hydra bites you.
* * * LOW HITPOINT WARNING * * *
The three-headed hydra bites you!
* * * LOW HITPOINT WARNING * * *
The three-headed hydra bites you!
You die...
Your body crumbles into a pile of gold.

.................### #...........
#.#.#.#.##.....### *#...#.......
###########.....# *P.....#..... *
#....## *#........... * #....#
*...#..P..... #....# *#..#..#.....
##>...#*##**......#.....
#P....##.##.......P...## ** ***
**##.....@D.............#,
,***,***,*#.....F..........#...+,
,,,,,,,,.........#.###..P.......,
,,,,,,,......r.......,,,*,...,,,,
,,,,,,,..P..F..ยง.....P.,,,,,,,,,,
,,,,,,,...P..........P..,,,,,,,,,
,,,,***###P......P...#..,,,,,,,,,
,,,** ##.F.....#.+...,,,,,,,*,
,,,*********,,,,,,,,,,,,,,,,,,,,,


You could see a three-headed hydra, 3 blink frogs and a porcupine.

Vanquished Creatures
  Nessos (D:13)
  Snorg (Lair:3)
  A fire dragon (Lair:2)
  A vault guard (D:14)
  A hydra (D:10)
  A catoblepas (Lair:3)
  4 two-headed ogres
  A centaur warrior (D:10)
  A tengu warrior (D:13)
  2 orc high priests (Orc:1)
  A fire crab (Volcano)
  A lindwurm (Volcano)
  4 unseen horrors
  Pikel (D:8)
  A necromancer (D:14)
  2 deep elf magi
  3 ugly things
  An orc knight (D:10)
  A manticore (D:12)
  3 cyclopes
  3 centaur zombies
  A black mamba (Lair:1)
  9 spiny frogs
  A gargoyle (D:14)
  3 yaktaurs (D:14)
  2 kobold demonologists (D:13)
  4 komodo dragons
  5 trolls
  9 slime creatures (D:12)
  6 hippogriffs
  4 blink frogs (Lair:1)
  Prince Ribbit (Lair:1)
  A vampire (D:12)
  2 wraiths
  16 yaks
  A spriggan (D:9)
  A hog (shapeshifter) (D:10)
  5 wyverns
  A basilisk (Lair:1)
  17 humans (D:14)
  2 steam dragons (Volcano)
  3 wargs
  2 soldier ants
  2 hell hounds (Volcano)
  8 water moccasins
  3 ice beasts
  3 porcupines (Lair:1)
  9 orc warriors
  A hornet zombie (D:10)
  2 phantoms
  2 sky beasts
  4 slaves (D:8)
  10 ogres
  A necrophage (D:10)
  A black bear (D:8)
  4 wolves (Lair:3)
  4 centaurs
  12 crocodiles
  4 big kobolds
  14 bullfrogs
  A gnoll sergeant (D:5)
  A wyvern zombie (D:14)
  2 wyvern skeletons
  3 scorpions
  20 killer bees
  11 wights
  7 howler monkeys
  3 bullfrog zombies
  9 crimson imps
  A lava snake (Lair:2)
  A quasit (D:11)
  3 jellies
  5 orc priests
  3 centaur skeletons
  A bullfrog skeleton (D:12)
  10 hounds
  3 iguanas
  Natasha (thrice) (D:3)
  11 orc wizards
  Ijyb (D:3)
  5 hell rats (Lair:3)
  16 worker ants
  7 gnolls
  A howler monkey skeleton (D:11)
  13 adders
  4 shadow imps
  An ooze (D:3)
  3 adder skeletons
  3 worms
  2 dart slugs
  3 leopard geckos
  57 orcs
  7 giant cockroaches
  13 goblins
  4 hobgoblins
  9 jackals
  27 kobolds
  3 quokkas
  4 ball pythons
  6 bats
  9 frilled lizards
  2 leopard gecko skeletons (D:7)
  A quokka skeleton (D:4)
  13 rats
  2 plants (Lair:1)
529 creatures vanquished.

Vanquished Creatures (others)
  A wight (D:14)
  An orc (D:15)
  A kobold (D:1)
  A bat (D:1)
  A frilled lizard (D:2)
  2 fungi (Lair:1)
  A plant (Lair:1)
  2 withered plants (D:5)
10 creatures vanquished.

Grand Total: 539 creatures vanquished

Notes
Turn   | Place    | Note
-------+----------+-------------------------------------------
     0 | D:1      | MajorAdolf the Naga Wanderer began the quest for the Orb.
     0 | D:1      | MajorAdolf set off with the following items: a +0
                  | quarterstaff, a wand of paralysis (15), a potion of curing,
                  | a +0 robe, a +0 dagger, a ration
     0 | D:1      | Reached XP level 1. HP: 22/22 MP: 1/1
   258 | D:1      | Reached skill level 1 in Axes
   565 | D:1      | Reached XP level 2. HP: 22/30 MP: 2/2
  1353 | D:2      | Reached XP level 3. HP: 36/36 MP: 3/3
  2106 | D:2      | Reached skill level 4 in Stealth
  2350 | D:2      | Reached XP level 4. HP: 40/44 MP: 4/4
  3633 | D:3      | Noticed Ijyb
  3665 | D:3      | Killed Ijyb
  3665 | D:3      | Reached skill level 5 in Stealth
  3665 | D:3      | Reached XP level 5. HP: 45/50 MP: 4/6
  3869 | D:3      | Noticed Natasha
  3873 | D:3      | Killed Natasha
  4449 | D:3      | Found a faded altar of an unknown god.
  4593 | D:4      | Reached XP level 6. HP: 20/57 MP: 6/8
  4826 | D:3      | Noticed Natasha
  4838 | D:3      | Killed Natasha
  4875 | D:3      | Noticed Natasha
  4887 | D:3      | Killed Natasha
  5336 | D:4      | Reached skill level 5 in Axes
  5336 | D:4      | Reached XP level 7. HP: 64/64 MP: 9/9
  6362 | D:5      | Entered Level 5 of the Dungeon
  6911 | D:5      | Reached skill level 5 in Evocations
  7211 | D:5      | Reached XP level 8. HP: 72/72 MP: 11/11
  7362 | D:5      | Found a runed translucent gate.
  7362 | D:5      | Found a runed translucent gate.
  7370 | D:5      | Found a runed translucent gate.
  7370 | D:5      | Noticed Arcadio's ghost (novice DrCj)
  7370 | D:5      | Noticed Frank's ghost (novice OpFi)
  8315 | D:6      | Reached skill level 1 in Shields
  8403 | D:6      | Found a staircase to the Ecumenical Temple.
  8600 | D:6      | Found a stormy altar of Qazlal.
  8648 | D:6      | Got a pitted ring mail
  8680 | D:6      | Identified the cursed +1 ring mail of Impermeability
                  | {Dex+2} (You found it on level 6 of the Dungeon)
  9217 | D:7      | Reached XP level 9. HP: 72/78 MP: 14/14
 10513 | D:7      | Found a shimmering altar of Xom.
 11003 | D:8      | Reached XP level 10. HP: 38/85 MP: 16/16
 11623 | D:8      | Noticed Pikel
 11630 | D:8      | Killed Pikel
 11900 | D:8      | Got a heavily runed leather armour
 11911 | D:8      | Identified the +1 leather armour of Eternity {Stlth+} (You
                  | found it on level 8 of the Dungeon)
 12657 | D:9      | Reached skill level 10 in Axes
 12657 | D:9      | Reached skill level 6 in Stealth
 13216 | D:9      | Noticed a deep elf mage
 13231 | D:9      | Killed a deep elf mage
 13515 | D:10     | Entered Level 10 of the Dungeon
 13555 | D:10     | Found a staircase to the Lair.
 13606 | D:10     | Reached skill level 7 in Stealth
 13866 | D:10     | Noticed a sun demon
 13868 | D:10     | Noticed a wretched star
 13882 | D:10     | Noticed a thrashing horror
 13883 | D:10     | Found a transporter.
 13918 | D:10     | Noticed an unseen horror
 13948 | D:10     | Noticed snilloc10's ghost (journeyman HaFi)
 14113 | D:10     | Found a transporter.
 14303 | D:10     | Killed an unseen horror
 14303 | D:10     | Reached skill level 5 in Shields
 14303 | D:10     | Reached skill level 10 in Evocations
 14303 | D:10     | Reached XP level 11. HP: 54/92 MP: 18/18
 14479 | D:10     | Reached skill level 8 in Stealth
 14915 | D:10     | Noticed a deep elf mage
 14927 | D:10     | Killed a deep elf mage
 14934 | D:10     | Noticed a centaur warrior
 14937 | D:10     | Noticed an unseen horror
 14941 | D:10     | Noticed a five-headed hydra
 14942 | D:10     | Killed a centaur warrior
 14942 | D:10     | Reached skill level 9 in Stealth
 14946 | D:10     | Killed a five-headed hydra
 14973 | D:10     | Noticed an orc knight
 14974 | D:10     | Noticed an unseen horror
 15268 | D:10     | Killed an unseen horror
 15294 | D:10     | Killed an orc knight
 15294 | D:10     | Reached skill level 10 in Stealth
 15360 | D:10     | Killed an unseen horror
 15537 | Temple   | Entered the Ecumenical Temple
 15608 | Temple   | Became a worshipper of Gozag Ym Sagoz the Greedy
 15699 | D:10     | Found a one-way gate to the infinite horrors of the Abyss.
 15981 | D:11     | Noticed a white ugly thing
 15998 | D:11     | Killed a white ugly thing
 16587 | D:11     | Reached XP level 12. HP: 63/99 MP: 20/20
 16752 | D:11     | Found a portal to a secret trove of treasure.
 17209 | D:12     | Reached skill level 11 in Stealth
 17419 | D:12     | Found a staircase to the Orcish Mines.
 18945 | D:12     | Noticed a two-headed ogre
 18958 | D:12     | Killed a two-headed ogre
 19020 | D:12     | Noticed a two-headed ogre
 19034 | D:12     | You fall into a shaft and drop 2 floors!
 19050 | D:13     | Reached skill level 12 in Stealth
 20602 | D:14     | Noticed a vault guard
 20604 | D:14     | Noticed a vault guard
 20858 | D:14     | Gained mutation: You can use your snake-like lower body to
                  | constrict enemies. [Naga growth]
 20858 | D:14     | Reached XP level 13. HP: 89/105 MP: 20/22
 21012 | D:14     | Reached skill level 13 in Stealth
 21337 | D:14     | Found a gate to the Vaults.
 21440 | D:14     | Killed a vault guard
 21626 | D:13     | Noticed Nessos
 22792 | D:13     | Killed Nessos
 23033 | D:12     | Found a runed translucent gate.
 23033 | D:12     | Found a runed translucent gate.
 23033 | D:12     | Found a runed translucent gate.
 23033 | D:12     | Identified the cursed +0 whip "Ituete" {venom, Fragile
                  | rElec Int+2}
 23033 | D:12     | Noticed TotesWizzard's ghost (journeyman DsBe)
 23034 | D:12     | Identified the +6 dagger of Destiny {elec, rPois rF+ Str+4}
 23405 | D:12     | Reached skill level 14 in Stealth
 23703 | D:15     | Entered Level 15 of the Dungeon
 23721 | D:15     | Noticed Jorgrun
 24162 | Orc:1    | Entered Level 1 of the Orcish Mines
 24626 | Orc:2    | Entered Level 2 of the Orcish Mines
 24626 | Orc:2    | Found Fufet's Antique Armour Boutique.
 25758 | Lair:1   | Entered Level 1 of the Lair of Beasts
 25944 | Lair:1   | Noticed Prince Ribbit
 27004 | Lair:1   | Killed Prince Ribbit
 27628 | Lair:1   | Reached XP level 14. HP: 114/114 MP: 23/23
 27818 | Lair:1   | Reached skill level 15 in Stealth
 28201 | Lair:2   | Found a shadowy altar of Dithmenos.
 28270 | Lair:2   | Found a dark tunnel.
 28276 | Volcano  | Entered a volcano
 28793 | Lair:2   | Noticed Pechyafi's ghost (journeyman DDEE)
 28796 | Lair:2   | Found a runed translucent door.
 31545 | Lair:3   | Noticed Snorg
 31555 | Lair:3   | Killed Snorg
 31751 | Lair:3   | HP: 5/114 [three-headed hydra (15)]
 31751 | Lair:3   | Slain by a three-headed hydra

Illustrated notes

Levels and vault maps discovered:
D:1:      lemuel_arrival_funnel, layout_loops_ring, columned_hall_lemuel,
          lemuel_old_faithful
D:2:      layout_basic, first_ration, kennysheep_generic_room_2
D:3:      layout_basic, chequers_ecumenical_altar_grove, serial_bayou_pond_b,
          uniq_natasha, uniq_ijyb
D:4:      layout_loops_ring, minmay_bisected
D:5:      lemuel_ice_spiral_2, layout_basic, gammafunk_ghost_cemetery,
          minmay_strange_pillars
D:6:      layout_rooms, minmay_temple_entry_tees, basic_altar
D:7:      layout_rooms, kennysheep_mini
D:8:      layout_basic, uniq_pikel
D:9:      layout_big_octagon, the_bakery, guppyfry_early_elven_hall
D:10:     minmay_the_grid_octo_tiled_octocenter [minmay_the_grid_octo_empty,
          minmay_the_grid_octo_clover, minmay_the_grid_octo_checkered,
          minmay_the_grid_octo_thin_diamonds,
          minmay_the_grid_octo_prize_square_snowflake,
          minmay_the_grid_square_5x5_three_small,
          minmay_the_grid_square_5x5_hourglass,
          minmay_the_grid_square_5x5_sharp_hourglass,
          minmay_the_grid_square_5x5_intrusive_squares], layout_rooms,
          gammafunk_ghost_abyssal_escape
D:11:     layout_cave_pools, nicolae_trove_entry_columns
D:12:     layout_basic, erik_orc_4, gammafunk_ghost_nasty_kobolds,
          grunt_ministairs_14
D:13:     layout_loops_corners, grunt_ministairs_4, uniq_nessos
D:14:     layout_gridville, grunt_vaults_entry_tiered, serial_park_tiny_1
D:15:     grunt_enter_depths_giant_problem, layout_gridville,
          nicolae_water_bricks, uniq_jorgrun
Temple:   dpeg_three_leaves_temple
Lair:1:   layout_cave_pods, serial_bayou_pond_b, hibernation_bobbens,
          uniq_prince_ribbit2
Lair:2:   dragon1_lemuel, layout_cave_pods, hellmonk_ghost_happy_afterlife,
          nicolae_volcano_entry_two_sided, basic_altar, grunt_megastairs_3
Lair:3:   layout_chaotic_city, grunt_megastairs_5, uniq_snorg
Orc:1:    layout_diamond_mine, basic_altar
Orc:2:    grunt_orc_gardens, layout_caves, grunt_orc_garden, grunt_orc_garden,
          grunt_orc_garden, grunt_orc_garden, serial_shops,
          nicolae_shop_statue_plus, uniq_urug, uniq_erolcha, uniq_sonja,
          uniq_josephine

Skill      XL: |  1  2  3  4  5  6  7  8  9 10 11 12 13 14 |
---------------+-------------------------------------------+-----
Axes           | 1 2 3 4 5 6 7 9 10 11 12 13 | 13.8
Stealth        | 4 5 7 10 12 14 15 | 15.9
Evocations     | 3 5 6 8 10 11 12 13 | 13.5
Shields        | 2 3 5 6 7 9 |  9.0
Fighting       | |  4.0
Staves         | |  1.0
Dodging        | |  1.5

Action                   |  1- 3 |  4- 6 |  7- 9 | 10-12 | 13-15 || total
-------------------------+-------+-------+-------+-------+-------++-------
Melee: Hand axe          |   121 |   217 |   422 |   916 |   691 ||  2367
       Constrict         |       |       |       |       |   105 ||   105
 Abil: Spit Poison       |    24 |    25 |    12 |     2 |       ||    63
       Evoke Flight      |       |       |       |       |     1 ||     1
Evoke: Wand              |       |     2 |     2 |     6 |     9 ||    19
       Lightning rod     |       |       |       |     3 |     4 ||     7
  Use: Potion            |     1 |     1 |       |     1 |     1 ||     4
       Scroll            |       |     3 |     3 |    15 |     9 ||    30
 Stab: Sleeping          |     1 |     9 |     7 |    13 |    30 ||    60
       Distracted        |     1 |       |       |     6 |     3 ||    10
       Paralysed         |       |     6 |     6 |    21 |     4 ||    37
       Petrifying        |       |       |       |       |     2 ||     2
  Eat: Chunk             |     4 |     9 |    15 |    12 |       ||    40
       Ration            |       |       |       |     4 |     9 ||    13
Armor: Chain mail        |    54 |       |       |       |       ||    54
       Robe              |    18 |    55 |    59 |       |       ||   132
       Ring mail         |       |       |    66 |     9 |       ||    75
       Leather armour    |       |       |       |   149 |    81 ||   230
Dodge: Dodged            |    57 |   142 |   191 |   165 |   108 ||   663
Block: Other             |       |       |    49 |       |       ||    49
       Kite shield       |       |       |    17 |   548 |   376 ||   941
       Reflection        |       |       |     1 |    14 |     3 ||    18
